 Dungeon Crawl Stone Soup version 0.27.1-34-g3ba077fa99 (console) character file.

Game seed: 13597069389463370111

1476 Banquo the Cleaver (level 9, 0/66 HPs)
             Began as a Formicid Fighter on Feb 7, 2022.
             Was a Priest of Yredelemnul.
             Slain by an orc priest (1 damage)
             ... on level 5 of the Dungeon on Feb 8, 2022.
             The game lasted 00:23:29 (6073 turns).

Banquo the Cleaver (Formicid Fighter)               Turns: 6073, Time: 00:23:31

Health: 0/66       AC:  8    Str: 24    XL:     9   Next: 6%
Magic:  12/12      EV:  9    Int:  8    God:    Yredelemnul [***...]
Gold:   282        SH: 10    Dex: 10    Spells: 8/8 levels left

rFire    . . .     SeeInvis +   a - +1 war axe
rCold    . . .     Faith    .   c - +0 kite shield
rNeg     . . .     Spirit   .   i - +0 scale mail
rPois    .         Reflect  .   (helmet unavailable)
rElec    .         Harm     .   e - +0 cloak
rCorr    .         Rampage  .   (no gloves)
Will     .....                  (no boots)
Stlth    ..........             (no amulet)
HPRegen  0.21/turn              (no ring)
MPRegen  0.13/turn              (no ring)

@: no status effects
A: permanent stasis, dig shafts and tunnels, antennae 3, four strong arms
a: Dig, Shaft Self, Renounce Religion, Recall Undead Slaves, Injury Mirror,
Animate Dead


You were on level 5 of the Dungeon.
You worshipped Yredelemnul.
Yredelemnul was most pleased with you.
You visited 1 branch of the dungeon, and saw 5 of its levels.

You collected 282 gold pieces.

Inventory:

Hand Weapons
 a - a +1 war axe (weapon)
 b - a +0 trident
Missiles
 j - 168 stones
 n - 11 silver boomerangs
 p - a throwing net
Armour
 c - a +0 kite shield (worn)
 e - a +0 cloak (worn)
 i - a +0 scale mail (worn)
 o - a +2 leather armour of fire resistance
Wands
 h - a wand of flame (26)
Scrolls
 m - a scroll of identify
Potions
 d - 2 potions of might
 f - a potion of cancellation
 g - a potion of lignification
 k - a potion of heal wounds
 l - a potion of resistance


   Skills:
 + Level 4.3 Fighting
 * Level 8.1 Axes
 + Level 5.1 Armour
 + Level 1.7 Dodging
 + Level 5.2 Shields
 * Level 4.4 Invocations


You had 8 spell levels left.
You didn't know any spells.
Your spell library contained the following spells:

 Spells                   Type           Power      Damage    Failure   Level
 Sandblast                Erth           0%         2d4       92%         1
 Passwall                 Tmut/Erth      0%         N/A       98%         2
 Lee's Rapid Deconstruct  Erth           0%         3d5*      100%        5
 Conjure Ball Lightning   Conj/Air       0%         3x3d6     100%        6
 Discord                  Hex            0%         N/A       100%        8
 Disjunction              Tloc           0%         N/A       100%        8


Dungeon Overview and Level Annotations

Branches:
Dungeon (5/15)
 Temple: D:4-7

Altars:
Dithmenos
Elyvilon
Hepliaklqana
Nemelex Xobeh
Trog
Yredelemnul
Zin

Shops:
D:2 !   D:4 *[

Annotations:
D:2 Sigmund


Innate Abilities, Weirdness & Mutations

You cannot be hasted, slowed, berserked, paralysed or teleported.
You can dig through walls and to a lower floor.
You have a pair of large antennae on your head. (SInv)
Your four strong arms can wield two-handed weapons with a shield.


Message History

The orc priest's wounds heal themselves!
Your orc zombie hits the orc priest from afar with a +0 trident.
The orc priest hits you but does no damage.
The orc priest hits your scorpion zombie but does no damage.
You slash the orc priest!
You kill the orc priest!
Yredelemnul accepts your kill.
The orc priest barely misses your scorpion zombie.
The orc priest invokes the aid of Beogh against you.
Beogh smites you!
The orc priest completely misses your scorpion zombie.
You block the orc priest's attack.
Your scorpion zombie hits the orc priest!
The orc hits you with a +0 hand axe.
The orc priest hits you but does no damage.
Your orc zombie hits the orc priest from afar with a +0 trident.
Things that are here:
a +0 hand axe; an orc corpse You are too injured to fight recklessly!
Okay, then.
Unknown command.
Unknown command.
Unknown command.
You are too injured to fight recklessly!
Unknown command.
You hit the orc priest.
The orc priest is severely wounded.
You barely miss the orc priest. You hit the orc.
The orc priest hits you with a +0 club.
* * * LOW HITPOINT WARNING * * *
Your scorpion zombie hits the orc priest but does no damage.
The orc priest calls down the wrath of Beogh upon you.
Beogh smites you!
* * * LOW HITPOINT WARNING * * *
The orc hits you with a +0 hand axe.
* * * LOW HITPOINT WARNING * * *
Your orc zombie hits the orc priest but does no damage.
The orc priest hits you with a +0 club.
You die...
Your body rises from the dead as a mindless zombie.

#### ###..########
##.....#..#..## #
#.............###
..##.##..............#
#.........#.........#
...#..@ZZ.##.#.....##
#.oooZ##......####
...................##
..#...................##
....
##..........###......#
...
##...#.....###......#
#.. {.
##..#..........#..## ..#
.. ..............#...#
..#.# . ............#


You could see 2 orc priests, an orc, a friendly scorpion zombie and 2 friendly
orc zombies.

Vanquished Creatures
  Eustachio (D:5)
  2 water moccasins (D:4)
  2 black bears (D:4)
  A centaur (D:5)
  An ogre (D:3)
  A bullfrog (D:4)
  A scorpion (D:5)
  A water moccasin zombie (D:5)
  A centaur zombie (D:5)
  2 orc priests
  A jelly (D:5)
  An iguana (D:4)
  Jessica (D:3)
  A gnoll shaman (D:5)
  Natasha (twice) (D:3)
  An orc wizard (D:5)
  Robin (D:4)
  3 adders
  9 gnolls
  2 ufetubi (D:4)
  4 worms
  3 dart slugs
  10 orcs
  4 ball pythons
  6 endoplasms
  2 giant cockroaches (D:2)
  15 goblins
  5 hobgoblins
  9 jackals
  5 quokkas
  3 bats
  2 frilled lizards
  5 kobolds
  3 rats
111 creatures vanquished.

Vanquished Creatures (collateral kills)
  A phantom (D:5)
  A jelly (D:4)
  Crazy Yiuf (D:5)
  An orc priest (D:4)
  Natasha (D:3)
  An orc wizard (D:4)
  An adder (D:5)
  A minotaur skeleton (D:2)
  An ufetubus (D:5)
  An endoplasm (D:3)
  A frilled lizard (D:3)
  A kobold (D:4)
  A rat (D:3)
13 creatures vanquished.

Vanquished Creatures (others)
  An adder zombie (D:5)
  2 black bear zombies (D:4)
  A centaur zombie (D:5)
  2 gnoll zombies (D:5)
  A hobgoblin zombie (D:3)
  A human skeleton (D:2)
  A human zombie (D:3)
  An iguana zombie (D:4)
  A kobold zombie (D:3)
  An orc zombie (D:3)
  A rat zombie (D:3)
  A worm zombie (D:3)
  A plant (D:1)
15 creatures vanquished.

Grand Total: 139 creatures vanquished

Notes
Turn   | Place    | Note
-------+----------+-------------------------------------------
     0 | D:1      | Banquo the Formicid Fighter began the quest for the Orb.
     0 | D:1      | Reached XP level 1. HP: 18/18 MP: 1/1
   336 | D:1      | Reached XP level 2. HP: 24/24 MP: 2/2
   661 | D:1      | Reached XP level 3. HP: 29/29 MP: 3/3
  1101 | D:2      | Noticed Sigmund
  1202 | D:2      | Found Kufi's Distillery.
  1227 | D:2      | Reached skill level 3 in Axes
  1673 | D:2      | Reached XP level 4. HP: 32/35 MP: 4/4
  1729 | D:2      | Found a white marble altar of Elyvilon.
  1944 | D:2      | Found a faded altar of an unknown god.
  1952 | D:2      | Became a worshipper of Yredelemnul the Dark
  1952 | D:2      | Reached * piety under Yredelemnul
  2596 | D:3      | Noticed Jessica
  2604 | D:3      | Killed Jessica
  2777 | D:3      | Reached XP level 5. HP: 35/42 MP: 5/5
  2938 | D:3      | Reached skill level 4 in Axes
  3062 | D:3      | Noticed an ogre
  3076 | D:3      | Your ally Jessica died
  3101 | D:3      | Noticed Natasha
  3105 | D:3      | You fall into a shaft and drop 2 floors!
  3105 | D:5      | Entered Level 5 of the Dungeon
  3129 | D:5      | Reached skill level 1 in Invocations
  3420 | D:4      | Noticed a bullfrog
  3426 | D:4      | Killed a bullfrog
  3427 | D:4      | Reached XP level 6. HP: 35/48 MP: 5/7
  3532 | D:4      | Found Yxajaub's Antique Armour Emporium.
  3584 | D:4      | Found a bloodstained altar of Trog.
  3584 | D:4      | Noticed a black bear
  3584 | D:4      | Noticed a black bear
  3590 | D:4      | Killed a black bear
  3591 | D:4      | Reached skill level 5 in Axes
  3591 | D:4      | Reached skill level 1 in Dodging
  3598 | D:4      | Killed a black bear
  3599 | D:4      | Reached XP level 7. HP: 41/53 MP: 8/8
  3893 | D:3      | Killed Natasha
  4236 | D:3      | Noticed Natasha
  4244 | D:3      | Killed Natasha
  4247 | D:3      | Noticed Natasha
  4254 | D:3      | Killed Natasha
  4381 | D:4      | Reached skill level 6 in Axes
  4419 | D:4      | Found a sparkling altar of Nemelex Xobeh.
  4453 | D:4      | Found Evaral Xoo's Serpentskin Sales.
  4453 | D:4      | Noticed a water moccasin
  4453 | D:4      | Noticed a water moccasin
  4463 | D:4      | Killed a water moccasin
  4463 | D:4      | Reached ** piety under Yredelemnul
  4464 | D:4      | Reached XP level 8. HP: 24/60 MP: 10/10
  4745 | D:4      | Reached skill level 7 in Axes
  4974 | D:4      | Noticed a shadow
  4975 | D:4      | Found a shadowy altar of Dithmenos.
  4976 | D:4      | Found a hazy altar of Hepliaklqana.
  5364 | D:4      | Noticed Robin
  5389 | D:4      | Killed Robin
  5538 | D:4      | Noticed an angel
  5539 | D:4      | Found a glowing silver altar of Zin.
  5579 | D:5      | Noticed Eustachio
  5657 | D:5      | Reached skill level 5 in Shields
  5826 | D:5      | Killed Eustachio
  5827 | D:5      | Reached skill level 5 in Armour
  5936 | D:5      | Reached XP level 9. HP: 62/66 MP: 12/12
  5965 | D:5      | Reached skill level 8 in Axes
  6012 | D:5      | Found a runed translucent door.
  6013 | D:5      | Noticed Crazy Yiuf
  6021 | D:5      | Killed Crazy Yiuf
  6021 | D:5      | Reached *** piety under Yredelemnul
  6073 | D:5      | HP: 3/66 [orc priest/divine providence (14)]
  6073 | D:5      | HP: 1/66 [orc (2)]
  6073 | D:5      | Slain by an orc priest

Illustrated notes

Levels and vault maps discovered:
D:1:      tarquinn_simple_flora_water_f, layout_basic, patterned_corridor
D:2:      layout_loops_corners, basic_altar, serial_shops, shop,
          shapermc_ecumenical_altar_pompeii, kennysheep_boxes, uniq_sigmund
D:3:      layout_loops_ring, serial_rivers, chequers_serial_rivers_small_b,
          chequers_serial_rivers_room_a, chequers_serial_rivers_large_b,
          chequers_serial_rivers_room_b, chequers_serial_rivers_micro_b,
          uniq_jessica, uniq_natasha
D:4:      layout_loops_corners, amcnicky_altar_gilded, zin_angel,
          trog_ov_bears_minmay, riverfiend_overflow_shadow_ancestor,
          serial_shops, nicolae_shop_stone, serial_glass, glass_columns_a,
          glass_columns_a, guppyfry_shop_venom, uniq_robin
D:5:      layout_cave_pools, uniq_grinder, uniq_eustachio,
          uniq_crazy_yiuf_cottage

Skill      XL: |  1  2  3  4  5  6  7  8  9 |
---------------+----------------------------+-----
Axes           | 3 4 5 6 7 8 |  8.1
Shields        | 4 5 |  5.2
Invocations    | 1 2 4 |  4.4
Armour         | 4 5 |  5.1
Dodging        | 1 |  1.7
Fighting       | 4 |  4.3

Action                   |  1- 3 |  4- 6 |  7- 9 || total
-------------------------+-------+-------+-------++-------
Melee: War axe           |   105 |    80 |   176 ||   361
Invok: Animate Remains   |       |     7 |    25 ||    32
 Abil: Dig               |     3 |     1 |     8 ||    12
       Shaft Self        |       |     1 |       ||     1
  Use: Scroll            |       |     4 |     4 ||     8
       Potion            |       |     1 |       ||     1
 Stab: Distracted        |       |     1 |       ||     1
Armor: Scale mail        |    40 |    34 |    52 ||   126
       Skin              |       |     8 |       ||     8
Dodge: Dodged            |    48 |    33 |    64 ||   145
Block: Kite shield       |    45 |    47 |   108 ||   200
